 Dungeon Crawl Stone Soup version 0.18.1-8-gdd0e5ea (webtiles) character file.

541 epen the Grasshopper (level 7, 0/51 HPs)
             Began as a Demonspawn Warper on May 21, 2016.
             Was a Follower of Qazlal.
             Succumbed to a killer bee's poison
             ... on level 4 of the Dungeon.
             The game lasted 00:08:35 (6063 turns).

epen the Grasshopper (Demonspawn Warper)            Turns: 6063, Time: 00:08:35

Health: 0/51       AC:  5    Str: 20 (23) XL:     7   Next: 5%
Magic:  11/11      EV: 14    Int: 14 (17) God:    Qazlal [*.....]
Gold:   180        SH:  1    Dex: 14 (16) Spells: 2 memorised, 9 levels left

rFire  . . .     SeeInvis .     w - +0 trident
rCold  + + .     Gourm    .     b - +0 leather armour
rNeg   + . .     Faith    .     (no shield)
rPois  +         Spirit   .     (no helmet)
rElec  +         Dismiss  .     (no cloak)
rCorr  +         Reflect  .     l - +1 pair of gloves
SustAt .         Harm     .     (no boots)
MR     .....     Rnd*Tele +     (no amulet)
Stlth  +.........               (no ring)
                                y - ring "Heczalo" {rF- rC+ rN+ Str+7 Dex+4}

@: mighty, lethally poisoned (0 -> -12), resistant, not resistant to hostile
enchantments, very unstealthy
A: repulsion field 1, blurry vision 1, demonic guardian 1, deterioration 1,
teleportitis 1
a: Renounce Religion


You were on level 4 of the Dungeon.
You worshipped Qazlal.
Qazlal was aware of your devotion.
You were very hungry.

You visited 1 branch of the dungeon, and saw 5 of its levels.

You collected 180 gold pieces.

Inventory:

Hand Weapons
 a - a +0 spear
 w - a +0 trident (weapon)
Missiles
 e - 4 tomahawks of dispersal (quivered)
Armour
 b - a +0 leather armour (worn)
 l - a +1 pair of gloves (worn)
 p - a +0 scale mail
Jewellery
 x - an uncursed ring of protection from fire {unknown}
 y - the ring "Heczalo" (left hand) {rF- rC+ rN+ Str+7 Dex+4}
   (You found it on level 4 of the Dungeon)

   [ring of protection from cold]

   It affects your strength (+7).
   It affects your dexterity (+4).
   It makes you vulnerable to fire.
   It protects you from cold.
   It protects you from negative energy.
Scrolls
 d - a scroll of blinking
 h - 2 scrolls of magic mapping {unknown}
 i - a scroll of recharging {unknown}
 m - a scroll of teleportation {unknown}
 r - a scroll of remove curse
 s - a scroll of immolation {unknown}
Potions
 n - 2 potions of degeneration
 o - a potion of heal wounds {unknown}
Books
 c - a book of Spatial Translocations

   Spells                             Type                      Level
   a - Apportation                    Translocation                1
   b - Blink                          Translocation                2
   c - Shroud of Golubria             Charms/Translocation         2
   d - Portal Projectile              Translocation                3
   e - Teleport Other                 Translocation                3
   f - Passage of Golubria            Translocation                4
Comestibles
 f - 2 bread rations
 j - 3 meat rations
 u - 3 fruits
 v - a beef jerky


   Skills:
 + Level 2.9 Fighting
 * Level 3.4 Polearms
 - Level 0.8 Throwing
 + Level 2.5 Armour
 + Level 2.7 Dodging
 + Level 3.0 Spellcasting
 * Level 4.2 Translocations
 * Level 2.9 Invocations


You had 9 spell levels left.
You knew the following spells:

 Your Spells              Type           Power        Failure   Level  Hunger
a - Apportation           Tloc           ##........   4%          1    #......
b - Blink                 Tloc           N/A          8%          2    ##.....


Dungeon Overview and Level Annotations

Branches:
Dungeon (5/15)
 Temple: D:4-7

Altars:
Ashenzari
Fedhas
Gozag
Qazlal
Ru
Zin

Shops:
D:3 *

Annotations:
D:5 Blork the orc


Innate Abilities, Weirdness & Mutations

You are surrounded by a mild repulsion field (EV +2).
A weak demonic guardian rushes to your aid.
Scrolls take you a little longer to read.
Your body sometimes deteriorates upon taking damage.
You are occasionally teleported next to monsters.


Message History

* * * LOW HITPOINT WARNING * * *
You feel sick. The killer bee closely misses you. The killer bee misses you.
Unknown command.
Drink which item? (? for menu, Esc to quit)
It was a potion of resistance.
You feel protected.
* * * LOW HITPOINT WARNING * * *
You feel sick. The killer bee stings you.
* * * LOW HITPOINT WARNING * * *
The killer bee closely misses you.
Unknown command.
Drink which item? (? for menu, Esc to quit)
It was a potion of might.
You feel very mighty all of a sudden.
* * * LOW HITPOINT WARNING * * *
You feel sick. The killer bee barely misses you. x2
Drink which item? (? for menu, Esc to quit)
It was a potion of mutation.
You feel extremely strange.
Your vision blurs.
You feel yourself wasting away.
You feel weirdly uncertain.
You die...

#.# #.# ###########)# #.#
#...........# #.#
####'############### #.#
#..................# #.#
#......###########.# #.#
#.....รท# #.# #.#
#######+#.######## #.# #.#
................@# #.# #.#
#######.#.######y# #.# #.#
#.#.# #.# #.# #.#
#######.#.# #.# #.# #.#
........#.# ###.####.# #.#
..........# #........# #.#
....####..# ##.#.###### #.#
#......######...## ###.#
###.#######...##########...#


You could see a killer bee.

Vanquished Creatures
  A phantom (D:4)
  An ogre (D:4)
  A scorpion (D:4)
  A hound (D:4)
  An orc wizard (D:3)
  2 worker ants (D:4)
  A gnoll (D:1)
  3 adders
  4 worms
  8 dart slugs
  2 giant geckos
  8 orcs
  9 bats
  5 giant cockroaches
  8 goblins
  4 hobgoblins
  8 jackals
  5 kobolds
  2 quokkas
  A ball python (D:1)
  2 giant newts
  A quokka skeleton (D:4)
  4 rats
82 creatures vanquished.

Vanquished Creatures (collateral kills)
  An ogre (D:4)
  The ghost of mistymad the Ruffian, a weakling NaTm (D:4)
  A hound skeleton (D:4)
3 creatures vanquished.

Grand Total: 85 creatures vanquished

Notes
Turn   | Place    | Note
--------------------------------------------------------------
     0 | D:1      | epen the Demonspawn Warper began the quest for the Orb.
     0 | D:1      | Reached XP level 1. HP: 16/16 MP: 3/3
    26 | D:1      | Reached skill level 1 in Armour
    26 | D:1      | Gained mutation: A weak demonic guardian rushes to your aid. [demonic ancestry]
    26 | D:1      | Reached XP level 2. HP: 19/22 MP: 5/5
    63 | D:1      | Learned a level 2 spell: Blink
   486 | D:1      | Reached skill level 3 in Translocations
   875 | D:1      | Gained mutation: You are surrounded by a mild repulsion field (EV +2). [demonic ancestry]
   875 | D:1      | Reached XP level 3. HP: 25/27 MP: 6/6
  1620 | D:2      | Found a stormy altar of Qazlal.
  1711 | D:2      | Became a worshipper of Qazlal Stormbringer
  2005 | D:2      | Found a shattered altar of Ashenzari.
  2440 | D:2      | Reached XP level 4. HP: 33/33 MP: 7/7
  3728 | D:3      | Found an opulent altar of Gozag.
  3731 | D:3      | Found Gozag's Platinum Reserve.
  3806 | D:3      | Reached skill level 1 in Invocations
  3913 | D:3      | Found a sacrificial altar of Ru.
  4117 | D:3      | Noticed a phantom
  4120 | D:3      | Reached XP level 5. HP: 33/39 MP: 8/8
  4347 | D:4      | Noticed a phantom
  4377 | D:4      | Killed a phantom
  4647 | D:4      | Noticed an ogre
  4666 | D:4      | Killed an ogre
  4666 | D:4      | Reached XP level 6. HP: 31/46 MP: 10/10
  4947 | D:4      | Reached * piety under Qazlal
  5087 | D:4      | Reached skill level 4 in Translocations
  5101 | D:4      | Found a blossoming altar of Fedhas.
  5114 | D:4      | Got a smoking ivory ring
  5116 | D:4      | Identified the ring "Heczalo" {rF- rC+ rN+ Str+7 Dex+4} (You found it on level 4 of the Dungeon)
  5144 | D:4      | Found a glowing silver altar of Zin.
  5144 | D:4      | Noticed mistymad's ghost (weakling NaTm)
  5151 | D:4      | Killed mistymad's ghost
  5641 | D:4      | Reached XP level 7. HP: 31/51 MP: 11/11
  6045 | D:5      | Entered Level 5 of the Dungeon
  6046 | D:5      | Noticed Blork the orc
  6061 | D:4      | HP: 1/51 [killer bee (5)]
  6063 | D:4      | Gained mutation: Scrolls take you a little longer to read. [potion of mutation]
  6063 | D:4      | Gained mutation: Your body sometimes deteriorates upon taking damage. [potion of mutation]
  6063 | D:4      | Gained mutation: You are occasionally teleported next to monsters. [potion of mutation]
  6063 | D:4      | Succumbed to a killer bee's poison

Skill      XL: |  1  2  3  4  5  6 |
---------------+-------------------+-----
Polearms       | 2 3 |  3.4
Armour         | 1 2 |  2.5
Translocations | 3 4 |  4.2
Dodging        | 2 |  2.7
Invocations    | 1 2 |  2.9
Spellcasting   | 3 |  3.0
Fighting       | |  2.9
Throwing       | |  0.8

Action                   |  1- 3 |  4- 6 |  7- 9 || total
-------------------------+-------+-------+-------++-------
Melee: Spear             |   174 |   277 |       ||   451
       Trident           |       |    54 |    13 ||    67
Throw: Tomahawk          |     1 |       |       ||     1
 Cast: Blink             |       |     4 |       ||     4
  Use: Scroll            |     1 |     3 |       ||     4
       Potion            |       |       |     4 ||     4
 Stab: Sleeping          |     3 |       |       ||     3
  Eat: Chunk             |     5 |    10 |     1 ||    16
Armor: Leather armour    |    34 |    57 |     3 ||    94
Dodge: Dodged            |    73 |   164 |    19 ||   256
Block: Other             |       |     3 |       ||     3
